 Dungeon Crawl Stone Soup version 0.20-a0-434-g93bceec (webtiles) character file.

282 terra53 the Caller (level 6, 0/28 HPs)
             Began as a Vine Stalker Summoner on Jan 4, 2017.
             Slain by Grinder (3 damage)
             ... while paralysed by Grinder
             ... on level 5 of the Dungeon.
             The game lasted 00:15:37 (3822 turns).

terra53 the Caller (Vine Stalker Summoner)          Turns: 3822, Time: 00:15:38

Health: 0/28       AC:  4    Str: 10    XL:     6   Next: 28%
Magic:  0/13       EV:  2    Int: 17    God:
Gold:   168        SH:  0    Dex: 15    Spells: 7/13 levels left

rFire  . . .     SeeInvis .     p - +3 quarterstaff (chaos)
rCold  . . .     Gourm    +     d - +0 leather armour
rNeg   . . .     Faith    .     (shield currently unavailable)
rPois  .         Spirit   +     (no helmet)
rElec  .         Reflect  .     e - +0 cloak {+Inv}
rCorr  .         Harm     .     (no gloves)
MR     .....                    (no boots)
Stlth  ++........               y - amulet of the gourmand
                                (no ring)
                                (no ring)

@: paralysed
A: fangs 2, regeneration 1, magic shield, antimagic bite, no potion heal 3, rot
immunity
a: Evoke Invisibility


You were on level 5 of the Dungeon.
You were not hungry.

You visited 1 branch of the dungeon, and saw 5 of its levels.

You collected 168 gold pieces.

Inventory:

Hand Weapons
 p - a +3 quarterstaff of chaos (weapon)
 t - a +1 antimagic spear
 v - a +0 blowgun
Missiles
 m - 17 poisoned needles
Armour
 a - a +0 robe
 d - a +0 leather armour (worn)
 e - a +0 cloak of invisibility (worn)
 C - a +0 pair of gloves
Jewellery
 y - an amulet of the gourmand (around neck)
Wands
 z - a wand of acid (10/15)
Scrolls
 f - a scroll of magic mapping {unknown}
 g - 2 scrolls of teleportation {unknown}
 h - a scroll of enchant armour {unknown}
 l - a scroll of immolation {unknown}
 r - 2 scrolls of identify
 w - a scroll of amnesia {unknown}
 x - a scroll of noise {unknown}
Potions
 i - 2 potions of cancellation
 o - 2 potions of berserk rage
 q - a potion of ambrosia
 s - a potion of lignification {unknown}
 u - a potion of heal wounds {unknown}
 A - a potion of haste {unknown}
 B - a potion of degeneration {unknown}
Books
 b - a book of Callings

   Spells                             Type                      Level
   a - Summon Small Mammal            Summoning                    1
   b - Call Imp                       Summoning                    2
   c - Call Canine Familiar           Summoning                    3
   d - Summon Guardian Golem          Hexes/Summoning              3
   e - Summon Lightning Spire         Summoning/Air                4
   f - Summon Ice Beast               Ice/Summoning                4
Comestibles
 c - 3 bread rations
 j - 7 fruits
 k - 2 slices of pizza
 n - a beef jerky


   Skills:
 - Level 1.5 Dodging
 + Level 3.4 Stealth
 + Level 4.2 Spellcasting
 + Level 6.0 Summonings


You had 7 spell levels left.
You knew the following spells:

 Your Spells              Type           Power        Failure   Level  Hunger
a - Summon Small Mammal   Summ           ###.         1%          1    None
b - Call Canine Familiar  Summ           ###.....     6%          3    ###....
c - Call Imp              Summ           ###.....     2%          2    ##.....


Dungeon Overview and Level Annotations

Branches:
Dungeon (5/15)
 Temple: D:4-7

Altars:
Dithmenos
Ru

Shops:
D:4 (

Annotations:
D:5 Grinder


Innate Abilities, Weirdness & Mutations

You have extremely sharp teeth.
Your natural rate of healing is unusually fast.
When hurt, damage is shared between your health and your magic reserves.
Your bite disrupts and absorbs the magic of your enemies.
Potions cannot restore your health.
You are immune to rotting.


Message History

Grinder blinks!
Your crimson imp blinks!
Your shadow imp hits Grinder.
Grinder hits you!
* * * LOW HITPOINT WARNING * * *
You writhe in agony.
* * * LOW HITPOINT WARNING * * *
Your crimson imp blinks!
Your shadow imp barely misses Grinder.
Wield which item (- for none, * to show all)? (? for menu, Esc to quit)
Your +3 quarterstaff of chaos is briefly surrounded by a scintillating aura of random colours.
p - a +3 quarterstaff of chaos (weapon)
Grinder hits you but does no damage.
You barely miss Grinder. Your bite misses Grinder.
Grinder is almost dead.
Your shadow imp hits Grinder.
Grinder gestures at you.
You suddenly lose the ability to move!
Your crimson imp blinks!
Your shadow imp closely misses Grinder.
Grinder hits you.
You die...

...............#
................#
..................#
..................#
.................(#
.................ยง#
.............(....#
.............(....#
...(.....@55(5....#
.?.......!........#
..................#
..........(......(#
..................#
......$.........!.#
.......(((....[...#
###################


You could see Grinder, a friendly crimson imp and a friendly shadow imp.

Vanquished Creatures
  Crazy Yiuf (D:3)
  A hound (D:4)
  Natasha (D:3)
  A worker ant (D:4)
  3 adders
  An adder zombie (D:5)
  A worm (D:3)
  A dart slug (D:3)
  2 leopard geckos
  An orc (D:3)
  A ball python (D:3)
  4 goblins
  3 hobgoblins (D:1)
  3 jackals (D:4)
  A quokka (D:3)
  3 bats
  A frilled lizard (D:1)
  A jackal skeleton (D:4)
  A kobold (D:1)
  6 rats
37 creatures vanquished.

Vanquished Creatures (collateral kills)
  An ogre (D:4)
  Natasha (twice) (D:3)
  3 gnolls (D:4)
  An adder (D:2)
  A giant cockroach (D:2)
  5 goblins
  6 hobgoblins
  4 jackals
  4 kobolds
  2 bats (D:1)
  3 frilled lizards
  3 rats
35 creatures vanquished.

Grand Total: 72 creatures vanquished

Notes
Turn   | Place    | Note
-------+----------+-------------------------------------------
     0 | D:1      | terra53 the Vine Stalker Summoner began the quest for the Orb.
     0 | D:1      | Reached XP level 1. HP: 9/9 MP: 4/4
   110 | D:1      | Reached XP level 2. HP: 7/13 MP: 3/6
  1006 | D:1      | Reached XP level 3. HP: 14/16 MP: 7/7
  1011 | D:1      | Learned a level 3 spell: Call Canine Familiar
  1014 | D:1      | Learned a level 2 spell: Call Imp
  1936 | D:3      | Found a runed door.
  1947 | D:3      | Noticed Crazy Yiuf
  1954 | D:3      | Killed Crazy Yiuf
  1954 | D:3      | Reached skill level 5 in Summonings
  1954 | D:3      | Gained mutation: Your natural rate of healing is unusually fast. [Vine Stalker growth]
  1954 | D:3      | Reached XP level 4. HP: 17/21 MP: 9/9
  2037 | D:3      | Found a shadowy altar of Dithmenos.
  2126 | D:3      | Noticed Natasha
  2130 | D:3      | Killed Natasha
  2137 | D:3      | Found a sacrificial altar of Ru.
  2354 | D:3      | Reached XP level 5. HP: 24/24 MP: 6/10
  2393 | D:3      | Noticed Natasha
  2399 | D:3      | Killed Natasha
  2453 | D:3      | Noticed Natasha
  2458 | D:3      | Killed Natasha
  2862 | D:4      | Found Efuocw's Antique Weapon Emporium.
  2894 | D:4      | Reached XP level 6. HP: 28/28 MP: 6/12
  3040 | D:4      | Reached skill level 6 in Summonings
  3721 | D:5      | Entered Level 5 of the Dungeon
  3766 | D:5      | Noticed Grinder
  3818 | D:5      | HP: 1/28 [Grinder (4)]
  3821 | D:5      | Paralysed by Grinder for 2 turns
  3822 | D:5      | Slain by Grinder

Vault maps used:
D:1:      eino_arrival_druids_welcome
D:2:      first_bread
D:3:      lemuel_doored_altar, minmay_misc_feat_tower, minmay_misc_feat_columns,
          grunt_dithmenos_smoke, uniq_crazy_yiuf_cottage, uniq_natasha
D:4:      serial_shops, kennysheep_mini_moat, minmay_strange_pillars
D:5:      uniq_grinder, uniq_blork_the_orc

Skill      XL: |  1  2  3  4  5  6 |
---------------+-------------------+-----
Spellcasting   | 3 4 |  4.2
Summonings     | 5 6 |  6.0
Stealth        | 3 |  3.4
Dodging        | |  1.5

Action                   |  1- 3 |  4- 6 || total
-------------------------+-------+-------++-------
Melee: Unarmed           |    89 |     2 ||    91
       Bite              |    17 |     7 ||    24
       Quarterstaff      |       |    55 ||    55
       Spear             |       |     4 ||     4
 Fire: Blowgun           |       |    20 ||    20
 Cast: Summon Small Mamm |    21 |       ||    21
       Call Imp          |    10 |    26 ||    36
       Call Canine Famil |    10 |    14 ||    24
  Use: Scroll            |     3 |       ||     3
 Stab: Sleeping          |     3 |     2 ||     5
       Distracted        |       |     1 ||     1
  Eat: Chunk             |     4 |    17 ||    21
Armor: Robe              |     2 |       ||     2
       Leather armour    |    19 |    15 ||    34
Dodge: Dodged            |    54 |    27 ||    81
